 Dungeon Crawl Stone Soup version 0.30-a0-782-ge64f9170bb (webtiles) character file.

Game seed: 14849009044922251302

1968 mopl the Destroyer (level 9, 0/76 HPs)
             Began as an Octopode Hedge Wizard on Mar 13, 2023.
             Was an Initiate of Vehumet.
             Shot with an arrow by a centaur (1 damage)
             ... on level 7 of the Dungeon.
             The game lasted 00:11:26 (6123 turns).

mopl the Destroyer (Octopode Hedge Wizard)          Turns: 6123, Time: 00:11:27

Health: 0/76       AC:  3    Str: 10    XL:     9   Next: 20%
Magic:  15/21      EV: 13    Int: 20    God:    Vehumet [......]
Gold:   75         SH:  0    Dex: 11    Spells: 14/24 levels left

rFire   + . .      SeeInvis .    b - +9 long sword of Feasia Cyung {vamp, rPois rF+}
rCold   . . .      Faith    .    (no shield)
rNeg    . . .      Spirit   .    H - +2 hat
rPois   +          Reflect  .    (no amulet)
rElec   .          Harm     .    E - ring of poison resistance
rCorr   .          Rampage  .    (no ring)
Will    .....                    (no ring) Stlth
                                 (no ring)
HPRegen 0.32/turn                (no ring)
MPRegen 0.17/turn                (no ring)
                                 (no ring)
                                 (no ring)

@: confused, berserking, weakened, very quick
A: almost no armour, amphibious, 8 rings, camouflage 1, gelatinous body 1,
(nimble swimmer 1), tentacles
a: Renounce Religion


You were on level 7 of the Dungeon.
You worshipped Vehumet.
Vehumet was noncommittal.
You visited 2 branches of the dungeon, and saw 8 of its levels.

You collected 465 gold pieces.
You spent 390 gold pieces at shops.

Inventory:

Hand Weapons
 a - a +0 dagger
 b - the +9 long sword of Feasia Cyung (weapon) {vamp, rPois rF+}
   (You found it on level 6 of the Dungeon)

   rF:        It protects you from fire.
   rPois:     It protects you from poison.
Missiles
 d - a throwing net
 h - 6 curare-tipped darts
 k - 27 poisoned darts
 s - 5 boomerangs
Armour
 H - a +2 hat (worn)
Magical Staves
 F - a staff of cold
Jewellery
 E - a ring of poison resistance (left tentacle)
Wands
 C - a wand of light (4)
 G - a wand of paralysis (13)
Scrolls
 e - 3 scrolls of immolation {unknown}
 f - 3 scrolls of teleportation {unknown}
 g - 4 scrolls of brand weapon {unknown}
 n - 3 scrolls of blinking {unknown}
 o - a scroll of fear {unknown}
 p - 2 scrolls of enchant weapon {unknown}
 q - 4 scrolls of magic mapping {unknown}
 t - a scroll of acquirement {unknown}
 v - a scroll of vulnerability {unknown}
 x - 2 scrolls of poison {unknown}
 y - 3 scrolls of summoning {unknown}
 z - a scroll of enchant armour {unknown}
 A - a scroll of torment {unknown}
 B - a scroll of amnesia {unknown}
 D - a scroll of noise {unknown}
Potions
 c - a potion of magic
 i - 4 potions of flight
 j - a potion of ambrosia
 l - 3 potions of brilliance
 m - a potion of might
 r - a potion of berserk rage {!q}
 u - a potion of lignification {!q}
 w - a potion of haste


   Skills:
 - Level 2.0 Dodging
 - Level 2.6 Stealth
 + Level 8.0 Spellcasting
 + Level 8.0 Conjurations
 - Level 1.1 Summonings
 - Level 3.0 Translocations


You had 14 spell levels left.
You knew the following spells:

 Your Spells              Type           Power      Damage    Failure   Level
a - Magic Dart            Conj           100%       1d8       1%          1
b - Searing Ray           Conj           80%        2d7       1%          2
c - Mephitic Cloud        Conj/Pois/Air  18%        N/A       9%          3
d - Call Imp              Summ           12%        N/A       9%          2
e - Blink                 Tloc           40%        N/A       3%          2

Your spell library contained the following spells:

 Spells                   Type           Power      Damage    Failure   Level
 Apportation              Tloc           40%        N/A       2%          1
 Summon Small Mammal      Summ           48%        N/A       5%          1
 Necrotise                Necr           32%        1d5       9%          1
 Slow                     Hex            32%        N/A       9%          1
 Cigotuvi's Dreadful Rot  Necr/Pois/Air  16%        N/A       13%         2
 Call Canine Familiar     Summ           12%        N/A       16%         3
 Fulminant Prism          Conj/Hex       12%        3d9       16%         4
 Summon Guardian Golem    Hex/Summ       10%        N/A       21%         3
 Summon Forest            Summ/Tloc      8%         N/A       71%         5
 Summon Mana Viper        Hex/Summ       10%        N/A       88%         5
 Summon Cactus Giant      Summ           6%         N/A       100%        6


Dungeon Overview and Level Annotations

Branches:
Dungeon (7/15)             Temple (1/1) D:5

Altars:
Ashenzari
Cheibriados
Dithmenos
Fedhas
Gozag
Hepliaklqana
Kikubaaqudgha
Makhleb
Nemelex Xobeh
Qazlal
Ru
Sif Muna
Trog
Uskayaw
Vehumet
Wu Jian
Xom
Yredelemnul
The Shining One

Shops:
D:3 :   D:6 *

Annotations:
D:6 dig, Dowan, Duvessa


Innate Abilities, Weirdness & Mutations

You cannot wear most types of armour.
You are amphibious.
You can wear up to eight rings at the same time.
Your skin changes colour to match your surroundings (Stealth+).
Your rubbery body absorbs attacks. (AC +1, EV +1)
((You are camouflaged when in or above water. (Stealth+)))
You have tentacles for arms and can constrict up to eight enemies at once.


Message History

You kill the gnoll!
Vehumet accepts your kill.
The searing ray hits the orc!
You kill the orc!
Vehumet accepts your kill.
You finish channelling your searing ray.
Your Spellcasting skill increases to level 8!
The magic dart hits the gnoll.
You kill the gnoll!
Vehumet accepts your kill.
The magic dart hits the gnoll bouda.
The gnoll bouda is lightly wounded.
An orc wizard comes into view. It is wielding a +0 dagger.
The orc wizard points at you and mumbles some strange words.
You are confused.
You bump into the rock wall.
The gnoll bouda gazes fiercely through you!
You feel your attacks grow feeble.
A centaur comes into view.
The centaur shouts!
You hear a croak.
The centaur wields a +2 shortbow of flaming.
It bursts into flame!
The centaur shoots an arrow.
The arrow hits you! The arrow burns you.
Okay, then.
The centaur shoots an arrow.
The arrow hits you!
The gnoll bouda hits you with a +0 whip.
The centaur shoots an arrow.
The arrow misses you.
The centaur shoots an arrow.
The arrow hits you!
* * * LOW HITPOINT WARNING * * *
The arrow burns you.
* * * LOW HITPOINT WARNING * * *
The gnoll bouda misses you.
An orc comes into view. It is wielding a +0 whip.
Really quaff
r - 2 potions of berserk rage {!q}?
A red film seems to cover your vision as you go berserk!
You feel yourself moving faster!
You feel mighty!
The centaur shoots an arrow.
The arrow hits you!
* * * LOW HITPOINT WARNING * * *
The arrow burns you.
You die...

#). #......##
#.o##.....).#
#..).........
#.#.........#
#....<.......
###:.#....###
#o.#.#.##
###zg#.#.####
#...@.......#
#...~≈≈~~~≈.#
#...~#####~..
##..~# #
#..~# #..~#
#..~# #.c~~


You could see a centaur, a gnoll bouda, a wight, an orc wizard and an orc.

Vanquished Creatures
  Eustachio (D:5)
  Edmund (D:5)
  2 ice beasts
  An ogre (D:5)
  2 black bears
  A centaur (D:5)
  A phantom (D:5)
  A kobold brigand (D:6)
  A bullfrog (D:6)
  3 necrophages
  3 scorpions
  A howler monkey (D:3)
  A jelly (D:6)
  3 hounds
  An orc priest (D:5)
  4 iguanas
  8 gnolls
  12 adders
  3 white imps
  A worm (D:2)
  3 dart slugs
  13 orcs
  8 bats
  8 endoplasms
  5 giant cockroaches
  9 goblins
  7 hobgoblins
  7 jackals
  11 kobolds
  4 quokkas
  8 ball pythons
  A frilled lizard (D:1)
  4 rats
139 creatures vanquished.

Vanquished Creatures (others)
  7 plants (D:5)
7 creatures vanquished.

Grand Total: 146 creatures vanquished

Notes
Turn   | Place    | Note
-------+----------+-------------------------------------------
     0 | D:1      | mopl the Octopode Hedge Wizard began the quest for the Orb.
     0 | D:1      | Reached XP level 1. HP: 11/11 MP: 4/4
   116 | D:1      | Reached XP level 2. HP: 17/17 MP: 6/6
   352 | D:1      | Learned a level 2 spell: Blink
   355 | D:1      | Learned a level 2 spell: Call Imp
   668 | D:2      | Reached XP level 3. HP: 11/21 MP: 0/7
   876 | D:2      | Reached skill level 2 in Translocations
   879 | D:2      | Learned a level 2 spell: Searing Ray
   995 | D:2      | Reached skill level 2 in Conjurations
  1126 | D:2      | Reached XP level 4. HP: 26/27 MP: 6/9
  1665 | D:3      | Reached skill level 4 in Spellcasting
  1665 | D:3      | Reached XP level 5. HP: 31/31 MP: 1/11
  1666 | D:3      | Reached skill level 3 in Translocations
  1758 | D:3      | Found Paqent's Vocational Training.
  1872 | D:3      | Reached skill level 3 in Conjurations
  2343 | D:4      | Found an ornate altar of the Wu Jian Council.
  2343 | D:4      | Found a snail-covered altar of Cheibriados.
  2343 | D:4      | Found a shimmering blue altar of Sif Muna.
  2364 | D:4      | Reached XP level 6. HP: 29/36 MP: 3/12
  2551 | D:4      | Found a broken altar of Ashenzari.
  2832 | D:4      | Reached skill level 4 in Conjurations
  2999 | D:4      | Noticed a black bear
  3009 | D:4      | Killed a black bear
  3010 | D:4      | Reached skill level 5 in Spellcasting
  3150 | D:5      | Entered Level 5 of the Dungeon
  3166 | D:5      | Reached XP level 7. HP: 34/41 MP: 7/14
  3217 | D:5      | Noticed Edmund
  3282 | D:5      | Found a staircase to the Ecumenical Temple.
  3285 | D:5      | Noticed Eustachio
  3401 | D:5      | Killed Eustachio
  3402 | D:5      | Reached skill level 5 in Conjurations
  3528 | D:5      | Reached skill level 6 in Spellcasting
  3632 | D:5      | Reached XP level 8. HP: 36/46 MP: 12/17
  3678 | Temple   | Entered the Ecumenical Temple
  3843 | Temple   | Became a worshipper of Vehumet
  3950 | D:4      | Learned a level 3 spell: Mephitic Cloud
  4208 | D:5      | Reached skill level 6 in Conjurations
  4320 | D:5      | Killed Edmund
  4575 | D:5      | Reached skill level 7 in Spellcasting
  4575 | D:5      | Reached skill level 7 in Conjurations
  5229 | D:6      | Reached XP level 9. HP: 24/51 MP: 14/20
  5359 | D:6      | Noticed Duvessa
  5626 | D:6      | Found Witziadu's Assorted Antiques.
  5635 | D:6      | Bought a scroll labelled NANGOIZIUST for 26 gold pieces
  5635 | D:6      | Bought a scroll labelled WIEDO IVANUU for 26 gold pieces
  5635 | D:6      | Bought a scroll labelled QAOGARGHECA for 26 gold pieces
  5635 | D:6      | Bought a long glowing staff for 312 gold pieces
  5720 | D:6      | Reached skill level 8 in Conjurations
  5925 | D:6      | Noticed Dowan
  5928 | D:6      | Identified the +9 long sword of Feasia Cyung {vamp, rPois
                  | rF+}
  6114 | D:7      | Reached skill level 8 in Spellcasting
  6123 | D:7      | HP: 1/76 [centaur/arrow (9)]
  6123 | D:7      | Shot with an arrow by a centaur

Illustrated notes

Levels and vault maps discovered:
D:1:      minmay_arrival_loop, layout_loops_ring
D:2:      minmay_diamond_boxcup, layout_rooms, st_stairs_4,
          minmay_three_crescents
D:3:      layout_basic, nicolae_shop_vocational
D:4:      layout_cave_pods, chequers_temple_overflow_statue_of_worship,
          cheibrodos_ashenzari_chains
D:5:      layout_rooms, minmay_temple_entry_gardened_gates, dk_noncrumbling_2,
          kennysheep_small_circle, uniq_eustachio, uniq_edmund
D:6:      layout_loops_ring, serial_glass, glass_columns_a, glass_columns_a,
          glass_columns_c, glass_columns_a, item_on_display_a,
          due_unseen_surprise, feat_on_display, serial_shops,
          nicolae_diamond_shop, uniq_duvessa
D:7:      nicolae_cairo_tiling_very_big, layout_loops_ring, elyvilon_altar_3,
          gammafunk_ghost_cemetery, enter_bailey_3
Temple:   bh_familiar_temple

Skill      XL: |  1  2  3  4  5  6  7  8  9 |
---------------+----------------------------+-----
Translocations | 2 3 |  3.0
Conjurations   | 2 3 4 5 7 8 |  8.0
Spellcasting   | 4 5 6 7 8 |  8.0
Dodging        | |  2.0
Stealth        | |  2.6
Summonings     | |  1.1

Action                     |  1- 3 |  4- 6 |  7- 9 || total
---------------------------+-------+-------+-------++-------
  Melee: Dagger            |    45 |    52 |    74 ||   171
         Constrict         |    12 |    13 |    19 ||    44
         Tentacles         |     7 |    11 |    24 ||    42
         Punch             |     1 |       |     1 ||     2
   Cast: Magic Dart        |    24 |    54 |    89 ||   167
         Searing Ray       |     2 |     7 |    16 ||    25
         Mephitic Cloud    |       |       |     5 ||     5
         Blink             |       |       |     1 ||     1
         Call Imp          |       |       |     1 ||     1
    Use: Scroll            |     4 |       |     5 ||     9
         Potion            |       |       |     3 ||     3
   Stab: Sleeping          |    11 |     6 |     3 ||    20
         Confused          |       |       |     1 ||     1
 Armour: Skin              |    12 |    12 |     9 ||    33
  Dodge: Dodged            |    38 |    48 |    93 ||   179

Table legend: (Time is in decaauts)
 A = Elapsed time spent in this place.
 B = Non-inter-level travel time spent in this place.
 C = Inter-level travel time spent in this place.
 D = Time resting spent in this place.
 E = Time spent auto-exploring this place.
 F = Levels seen in this place.
 G = Mean time per level.
                   A        B        C        D        E       F      G
               +--------+--------+--------+--------+--------+-----+--------+
         Total |   6125 |   5720 |    405 |   1575 |   3116 |   8 |  765.6 |
       Dungeon |   5930 |   5555 |    375 |   1575 |   2959 |   7 |  847.1 |
        Temple |    194 |    165 |     29 |      0 |    157 |   1 |  194.0 |
               +--------+--------+--------+--------+--------+-----+--------+

Top non-repeatable levels by time:
     D:5: 1231 daAuts
     D:6: 1214 daAuts
     D:4: 1127 daAuts
     D:3: 850 daAuts
     D:2: 800 daAuts
     D:1: 692 daAuts
  Temple: 194 daAuts
     D:7: 13 daAuts
